 Dungeon Sprint DCSS version 0.22.1-1-ga44c0e56f4 (webtiles) character file.

12266 MuseOD the Unseen (level 11, -3/64 HPs)
             Began as a Spriggan Enchanter on Sept 30, 2018.
             Was the Champion of Dithmenos.
             Slain by a seven-headed hydra (14 damage)
             ... in the Dungeon (Sprint III: "The Ten Rune Challenge").
             The game lasted 00:04:44 (1271 turns).

MuseOD the Unseen (Spriggan Enchanter)              Turns: 1271, Time: 00:04:44

Health: -3/64      AC:  4    Str:  4    XL:     11   Next: 60%
Magic:  12/29      EV: 18    Int: 21    God:    Dithmenos [******]
Gold:   36         SH:  0    Dex: 16    Spells: 27/36 levels left

rFire    . . .     SeeInvis +   r - +1 dagger (venom)
rCold    . . .     Gourm    .   (shield restricted)
rNeg     . . .     Faith    .   b - +0 robe
rPois    .         Spirit   .   (helmet restricted)
rElec    .         Reflect  .   c - +1 cloak {+Inv}
rCorr    .         Harm     .   (gloves unavailable)
MR       +....     NoTele   +   (boots unavailable)
Stlth    ++++++++++             (no amulet)
HPRegen  0.20/turn              (no ring)
MPRegen  0.21/turn              (no ring)

@: very slightly contaminated, wreathed by umbra, very quick
A: very small, unfitting armour, see invisible, herbivore, speed 3, slow
metabolism 2
a: Shadow Step, Shadow Form, Renounce Religion, Evoke Invisibility


You were in the Dungeon.
You worshipped Dithmenos.
Dithmenos was exalted by your worship.
You were not hungry.

You visited 1 branch You collected 36 gold pieces.

Inventory:

Hand Weapons
 a - a +1 dagger
 r - a +1 dagger of venom (weapon)
 s - a +1 dagger of draining
Armour
 b - a +0 robe (worn)
 c - a +1 cloak of invisibility (worn)
Scrolls
 j - a scroll of blinking
 k - a scroll of immolation {unknown}
 l - 3 scrolls of identify
 m - 2 scrolls of remove curse {unknown}
 p - a scroll of torment {unknown}
Potions
 e - 5 potions of mutation
 f - a potion of heal wounds
 g - a potion of haste
 h - 2 potions of magic
 i - 2 potions of berserk rage
 n - a potion of brilliance {unknown}
 o - 3 potions of flight
 q - a potion of might
Comestibles
 d - 4 rations


   Skills:
 + Level 10.4 Fighting
 * Level 17.7 Short Blades
 - Level 3.0 Dodging
 + Level 18.0 Stealth
 + Level 13.4 Spellcasting
 + Level 3.3 Conjurations
 - Level 10.3 Hexes
 - Level 10.4 Evocations


You had 27 spell levels left.
You knew the following spells:

 Your Spells              Type           Power        Failure   Level  Hunger
a - Corona                Hex            ######.      1%          1    None
b - Ensorcelled Hibernat  Hex/Ice        #####.       1%          2    None
c - Confuse               Hex            ######..     1%          3    None
d - Dazzling Spray        Conj/Hex       #####.       1%          3    None

Your spell library contained the following spells:

 Spells                   Type           Power        Failure   Level  Hunger
 Confusing Touch          Hex            ######       1%          1    None
 Tukima's Dance           Hex            ######..     1%          3    None
 Animate Skeleton         Necr           N/A          4%          1    None
 Apportation              Tloc           ##....       4%          1    None
 Summon Small Mammal      Summ           ##..         4%          1    None
 Gell's Gravitas          Tloc           ##........   14%         3    None
 Metabolic Englaciation   Hex/Ice        #####.....   16%         5    ###....
 Yara's Violent Unravell  Hex/Tmut       #####.....   16%         5    ###....
 Petrify                  Tmut/Erth      ##......     41%         4    None


Dungeon Overview and Level Annotations

Branches:
Dungeon (1/1)

Altars:
Dithmenos
Elyvilon
Kikubaaqudgha
Okawaru
Ru
Sif Muna
Trog
Uskayaw
Vehumet
Wu Jian
Yredelemnul
Zin
The Shining One
Beogh


Innate Abilities, Weirdness & Mutations

You are very small and have problems with some larger weapons.
You are too small for most types of armour.
You have supernaturally acute eyesight. (SInv)
You are a herbivore.
You cover ground extremely quickly.
You need to consume almost no food.


Message History

Aiming: Confuse (safe; 1% risk of failure)
Press: ? - help, Shift-Dir - straight line, f - seven-headed hydra, p -
Aim: a seven-headed hydra (water, umbra, chance to defeat MR: 40%)
The seven-headed hydra resists with some effort.
Casting: Confuse (safe; 1% risk of failure)
Confirm with . or Enter, or press ? or * to list all spells.
Aiming: Confuse (safe; 1% risk of failure)
Press: ? - help, Shift-Dir - straight line, f/p - seven-headed hydra
Aim: a seven-headed hydra (umbra, chance to defeat MR: 40%)
The seven-headed hydra resists with some effort.
Your shadow mimicks your spell!
The seven-headed hydra resists with almost no effort.
The electric eel shoots out a bolt of lightning at you!
The bolt of electricity hits you! x2
* * * LOW HITPOINT WARNING * * *
The seven-headed hydra barely misses you. x2
The seven-headed hydra bites you!
* * * LOW HITPOINT WARNING * * *
The seven-headed hydra bites you!
You die...

▓▓▓▓▓▓▓
▓▓▓▓▓▓▓▓▓▓▓▓▓▓▓▓▓▓#.#.#.
♣♣≈≈≈........≈≈≈...##.#.#
+♣♣'♣≈≈≈≈≈≈≈≈≈≈≈≈♣♣P.'.#.#.
#.†♣♣♣♣♣♣♣♣♣♣♣♣♣♣♣♣PP##.#.#
#..♣♣ ♣♣♣##'###
###†♣♣♣♣♣♣♣♣♣♣♣♣♣♣ #...'(
♣♣♣♣.##..##≈≈≈≈≈≈.. #...#.
♣...##.##.#≈;≈≈≈... #).)#.
♣♣.##.##(##@D≈≈≈§# #####.
♣..#.##..)#≈≈D.§§§ P.
♣♣.##.##..#≈..+### PP
♣♣.##.#####...# PP ♣..†..#
...#


.oP ####### #### You could see a seven-headed hydra, a six-headed hydra
(confused) and an electric eel.

Vanquished Creatures
  Sigmund (D)
  Josephine (D)
  2 yaktaur captains (D)
  A centaur warrior (D)
  Urug (D)
  2 unseen horrors (D)
  A deep elf mage (D)
  A lindwurm (D)
  Edmund (D)
  2 spiny frogs (D)
  A komodo dragon (D)
  A yaktaur (D)
  3 wandering mushrooms (D)
  2 tyrant leeches (D)
  3 redbacks (D)
  A shadow (D)
  A necrophage (D)
  2 centaurs (D)
  An earth elemental (D)
  A water elemental (D)
  A jelly (D)
  Crazy Yiuf (D)
  A wizard (D)
  Jessica (D)
  A necromancer (D)
  A kobold demonologist (D)
  3 humans (D)
  2 oozes (D)
  A rat (D)
41 creatures vanquished.

Vanquished Creatures (others)
  2 draconian scorchers (D)
  6 hellions (D)
  A yaktaur (D)
9 creatures vanquished.

Grand Total: 50 creatures vanquished

Notes
Turn   | Place    | Note
-------+----------+-------------------------------------------
     0 | D        | MuseOD the Spriggan Enchanter began the quest for the Orb.
     0 | D        | Reached XP level 1. HP: 9/9 MP: 5/5
     9 | D        | Reached skill level 1 in Fighting
     9 | D        | Reached skill level 5 in Stealth
    11 | D        | Reached XP level 2. HP: 14/14 MP: 6/6
    15 | D        | Learned a level 2 spell: Ensorcelled Hibernation
    25 | D        | Noticed Jessica
    30 | D        | Killed Jessica
    30 | D        | Reached skill level 6 in Stealth
    30 | D        | Reached XP level 3. HP: 19/19 MP: 8/8
    35 | D        | Learned a level 3 spell: Confuse
    41 | D        | Noticed Crazy Yiuf
    48 | D        | Killed a yaktaur
   101 | D        | Killed Crazy Yiuf
   101 | D        | Reached skill level 7 in Stealth
   121 | D        | Killed a hellion
   129 | D        | Killed a hellion
   130 | D        | Killed a hellion
   130 | D        | Killed a hellion
   130 | D        | Killed a hellion
   131 | D        | Killed a hellion
   184 | D        | Killed a white draconian scorcher
   230 | D        | Killed a white draconian scorcher
   314 | D        | Reached XP level 4. HP: 24/24 MP: 3/9
   385 | D        | Noticed a water elemental
   388 | D        | Killed a water elemental
   388 | D        | Reached skill level 9 in Stealth
   388 | D        | Reached XP level 5. HP: 29/29 MP: 10/10
   396 | D        | Found a basalt altar of Yredelemnul.
   396 | D        | Found a shadowy altar of Dithmenos.
   396 | D        | Found a sacrificial altar of Ru.
   396 | D        | Noticed a necrophage
   399 | D        | Killed a necrophage
   399 | D        | Reached skill level 10 in Stealth
   403 | D        | Became a worshipper of Dithmenos the Shadowed
   421 | D        | Found a glowing silver altar of Zin.
   421 | D        | Found a glowing golden altar of the Shining One.
   421 | D        | Found a white marble altar of Elyvilon.
   421 | D        | Noticed a deep elf mage
   424 | D        | Killed a deep elf mage
   424 | D        | Reached skill level 12 in Stealth
   424 | D        | Reached XP level 6. HP: 36/36 MP: 13/17
   424 | D        | Reached XP level 7. HP: 40/40 MP: 13/18
   458 | D        | Found a hide-covered altar of Uskayaw.
   458 | D        | Found a roughly hewn altar of Beogh.
   458 | D        | Found an iron altar of Okawaru.
   458 | D        | Found a bloodstained altar of Trog.
   458 | D        | Found an ornate altar of the Wu Jian Council.
   458 | D        | Noticed a human
   458 | D        | Noticed a human
   461 | D        | Killed a human
   462 | D        | Killed a human
   462 | D        | Reached * piety under Dithmenos
   479 | D        | Learned a level 3 spell: Dazzling Spray
   479 | D        | Found a radiant altar of Vehumet.
   480 | D        | Found a deep blue altar of Sif Muna.
   480 | D        | Found an ancient bone altar of Kikubaaqudgha.
   503 | D        | Noticed a shadow
   509 | D        | Killed a shadow
   509 | D        | Reached ** piety under Dithmenos
   509 | D        | Reached skill level 13 in Stealth
   509 | D        | Reached skill level 1 in Evocations
   509 | D        | Reached XP level 8. HP: 45/45 MP: 7/21
   521 | D        | Noticed Josephine
   523 | D        | Killed Josephine
   523 | D        | Reached skill level 5 in Hexes
   598 | D        | Reached skill level 14 in Stealth
   598 | D        | Reached skill level 5 in Evocations
   598 | D        | Reached XP level 9. HP: 50/50 MP: 23/23
   604 | D        | Noticed a centaur warrior
   606 | D        | Reached *** piety under Dithmenos
   608 | D        | Killed a centaur warrior
   608 | D        | Reached skill level 10 in Spellcasting
   621 | D        | Noticed an unseen horror
   621 | D        | Noticed an unseen horror
   622 | D        | Killed an unseen horror
   624 | D        | Killed an unseen horror
   624 | D        | Reached **** piety under Dithmenos
   624 | D        | Reached skill level 15 in Stealth
   629 | D        | Noticed Sigmund
   629 | D        | Noticed Edmund
   633 | D        | Killed Sigmund
   633 | D        | Reached skill level 16 in Stealth
   633 | D        | Reached skill level 10 in Evocations
   633 | D        | Reached XP level 10. HP: 58/58 MP: 23/27
   634 | D        | Killed Edmund
   634 | D        | Reached skill level 10 in Hexes
   638 | D        | Noticed a yaktaur captain
   638 | D        | Noticed a yaktaur captain
   658 | D        | Killed a yaktaur captain
   658 | D        | Reached XP level 11. HP: 43/63 MP: 12/28
   766 | D        | Killed a yaktaur captain
   766 | D        | Reached ***** piety under Dithmenos
   766 | D        | Reached skill level 17 in Stealth
   766 | D        | Reached skill level 1 in Conjurations
   786 | D        | Reached skill level 10 in Fighting
  1030 | D        | Noticed a lindwurm
  1037 | D        | Killed a lindwurm
  1039 | D        | Reached ****** piety under Dithmenos
  1222 | D        | Noticed Urug
  1244 | D        | Killed Urug
  1244 | D        | Reached skill level 18 in Stealth
  1247 | D        | Noticed a seven-headed hydra
  1247 | D        | Noticed a six-headed hydra
  1271 | D        | Slain by a seven-headed hydra

Skill      XL: |  1  2  3  4  5  6  7  8  9 10 11 |
---------------+----------------------------------+-----
Fighting       | 1 2 3 4 6 7 9 10 | 10.4
Short Blades   | 3 4 6 7 11 12 13 16 17 | 17.7
Stealth        | 5 6 7 9 12 13 14 16 18 | 18.0
Spellcasting   | 7 8 9 12 13 | 13.4
Hexes          | 4 5 9 10 | 10.3
Evocations     | 1 5 10 | 10.4
Conjurations   | 3 |  3.3
Dodging        | |  3.0

Action                   |  1- 3 |  4- 6 |  7- 9 | 10-12 || total
-------------------------+-------+-------+-------+-------++-------
Melee: Dagger            |    31 |     4 |    15 |    30 ||    80
 Cast: Confuse           |     5 |       |     4 |    20 ||    29
       Ensorcelled Hiber |     1 |       |       |     7 ||     8
       Dazzling Spray    |       |       |       |     1 ||     1
 Abil: Evoke Invisibilit |       |       |     1 |     1 ||     2
  Use: Potion            |     1 |       |       |       ||     1
 Stab: Sleeping          |     5 |     4 |    13 |     7 ||    29
       Confused          |     3 |       |     1 |     3 ||     7
       Invisible         |       |       |       |     1 ||     1
Armor: Robe              |     1 |       |     1 |     2 ||     4
Dodge: Dodged            |     3 |       |     4 |    23 ||    30
